AoeStats
← BOT jose

Nomad

509823562Analyzed
4v4 RM · 5d ago on Sep 28, 2026· 48m 23s· 8 players
Game mode
Random Map
Map size
231×231
Population
200
Speed
Normal
Resources
Standard
Victory
Conquest
Starting age
Dark Age
Ending age
Imperial Age
RankedLock teamsTeams togetherTeam positionsShared explorationLock speedFull tech treeHidden civsTurbo modeCheats
Victory
Defeat
1551
+9
🇨🇳 Varangians · China
1479
+12
🇨🇳 Goths · China
1414
+14
🇭🇰 Japanese · Hong Kong SAR China
1151
+25
🇨🇳 Inca · China
1442
-17
🇫🇮 Lithuanians · Finland
1417
-17
🇺🇸 Italians · United States
1329
-13
🇵🇪 Slavs · Peru
1323
-13
7777777
7:14 Loom
14:02 Feudal Age
15:26 Double-Bit Axe
18:06 Castle Age
16:42 Stone Mining
18:32 Fishing Lines
19:05 Medium Warships
20:05 Fletching
21:29 Bow Saw
21:20 Gillnets
24:57 Gold Mining
25:50 Stone Shaft Mining
25:52 Bloodlines
28:39 Scale Barding Armor
28:45 Forging
30:31 Wheelbarrow
30:30 Chain Barding Armor
30:48 Husbandry
34:42 Imperial Age
33:07 Iron Casting
34:54 Elite Leitis
35:57 Conscription
BOT jose
9:30 Loom
11:52 Feudal Age
13:40 Fishing Lines
16:16 Fletching
20:15 Castle Age
25:01 Horse Collar
User1162
6:40 Loom
10:48 Loom
13:51 Feudal Age
17:45 Castle Age
17:57 Forging
18:36 Medium Warships
18:21 Fishing Lines
20:59 Fletching
21:18 Double-Bit Axe
22:37 Gillnets
UU
4:59 Loom
14:31 Feudal Age
15:50 Town Watch
19:20 Castle Age
17:14 Fletching
17:23 Double-Bit Axe
20:28 Medium Warships
20:14 Bodkin Arrow
22:46 Bow Saw
22:17 Horse Collar
24:43 Heavy Plow
25:29 Stone Mining
26:43 Wheelbarrow
26:01 Gold Mining
34:17 Imperial Age
32:24 Scale Mail Armor
32:35 Forging
33:22 Champi Runner
34:02 Squires
33:48 Arson
34:33 Chain Mail Armor
34:54 Iron Casting
34:04 Champi Warrior
37:07 Gold Shaft Mining
37:03 Plate Mail Armor
37:03 Elite Champi Warrior
38:52 Fabric Shields
41:53 Pikeman
45:12 Hand Cart
川芎
3:37 Loom
13:44 Feudal Age
21:11 Castle Age
20:00 Double-Bit Axe
23:38 Medium Warships
26:02 Fletching
29:10 Bodkin Arrow
31:24 Bow Saw
30:58 Horse Collar
35:10 Wheelbarrow
35:24 Heavy Plow
35:33 Gold Mining
36:40 Ballistics
44:07 Imperial Age
43:53 Vendel Legacy
45:51 Conscription
44:54 Elite Jarl
47:13 Bracer
幼稚园园草
4:43 Loom
13:36 Feudal Age
18:07 Castle Age
16:02 Double-Bit Axe
16:51 Town Watch
17:49 Fletching
20:09 Wheelbarrow
22:25 Bodkin Arrow
23:18 Horse Collar
23:56 Fishing Lines
32:45 Ballistics
34:35 Gold Mining
38:12 Imperial Age
36:13 Scale Mail Armor
38:35 Squires
38:51 Chain Mail Armor
38:46 Forging
39:24 Man-at-Arms
41:04 Forging
40:50 Long Swordsman
41:54 Conscription
42:01 Bow Saw
41:31 Two-Handed Swordsman
42:29 Perfusion
43:44 Iron Casting
46:22 Gillnets
48:02 Two-Man Saw
46:40 Champion
帝国雷
18:13 Feudal Age
27:06 Castle Age
24:57 Horse Collar
25:10 Double-Bit Axe
28:14 Heavy Plow
29:30 Bow Saw
36:23 Gold Mining
36:23 Stone Mining
39:51 Imperial Age
38:04 Gold Shaft Mining
37:42 Gambesons
38:10 Squires
41:16 Scale Mail Armor
41:27 Forging
41:09 Arson
42:42 Two-Man Saw
43:13 Elite Samurai
44:22 Conscription
44:21 Chain Mail Armor
44:49 Iron Casting
45:44 Plate Mail Armor
49:45 Blast Furnace
长江黄河不会倒流
4:55 Loom
12:49 Feudal Age
17:16 Castle Age
17:08 Double-Bit Axe
18:49 Horse Collar
20:40 Gold Mining
21:38 Fletching
22:49 Bodkin Arrow
25:18 Ballistics
27:18 Bow Saw
27:11 Padded Archer Armor
29:22 Wheelbarrow
28:33 Town Watch
29:55 Stone Mining
30:23 Leather Archer Armor
36:11 Imperial Age
34:21 Heavy Plow
36:33 Fishing Lines
37:11 Bracer
38:12 Chemistry
38:02 Conscription
38:50 Crop Rotation
39:27 Ring Archer Armor
40:07 Elite Genoese Crossbowman
42:48 Hand Cart
44:21 Thumb Ring
46:41 Pirotechnia
Connection lost

Rejoining the realm…

Still unreachable

The connection could not be restored.

Session expired

The server has moved on; the page needs a fresh start.